[Event "Titled Tuesday Blitz January 17 Early 2023"]
[White "Shimanov, Aleksandr"]
[Black "Ozen, Bahadir"]
[WhiteFideId "4198603"]
[BlackFideId "6337058"]
[WhiteElo "2581"]
[BlackElo "2369"]
[Result "1-0"]
[Round "11"]
[TimeControl "180+2"]
[Date "2023.01.17"]
[WhiteClock "0:00:04"]
[BlackClock "0:00:08"]

1. e4 d6 2. Bc4 Nf6 3. d3 c6 4. Bb3 Bg4 5. f3 Bc8 6. f4 d5 7. Qe2 Bg4 8. Nf3 e6 9. O-O Bc5+ 10. Kh1 a5 11. c3 O-O 12. e5 Ne8 13. d4 Ba7 14. Be3 c5 15. Nbd2 cxd4 16. cxd4 Nc6 17. Qf2 Bf5 18. Ba4 Nb4 19. Rfd1 Nd3 20. Qe2 Nxb2 21. Bb5 Nc7 22. Rdc1 Nxb5 23. Qxb5 Nd3 24. Rc3 Qe8 25. Qxb7 h6 26. h3 Qb8 27. Rb1 Nb4 28. Qxb8 Rfxb8 29. Rb2 Nd3 30. Rxb8+ Rxb8 31. Nb3 Bb6 32. Nc5 Bd8 33. Nxd3 a4 34. Nc5 Rb1+ 35. Kh2 h5 36. Nxa4 Ba5 37. Rc8+ Kh7 38. Bd2 Bxd2 39. Nxd2 Ra1 40. Nc3 h4 41. Nf3 f6 42. Nxh4 Bd3 43. Rc7 Kh6 44. Nf3 Rc1 45. Nxd5 Ra1 46. Nc3 Be4 47. Nxe4 Kg6 48. exf6 gxf6 49. Rc6 Kf5 50. Ng3+ Kxf4 51. Rxe6 f5 52. Ne5 Ke3 53. Nxf5+ Kf2 54. Ng4+ Kf1 55. Re5 Rxa2 56. Ng3# 1-0


[Site "https://www.chess.com"]

[Event "Titled Tuesday Blitz January 17 Early 2023"]
[White "Dominguez Perez, Leinier"]
[Black "Samunenkov, Ihor"]
[WhiteFideId "3503240"]
[BlackFideId "14187086"]
[WhiteElo "2739"]
[BlackElo "2501"]
[Result "1-0"]
[Round "11"]
[TimeControl "180+2"]
[Date "2023.01.17"]
[WhiteClock "0:00:07"]
[BlackClock "0:00:01"]

1. d4 d5 2. Nf3 e6 3. e3 Nf6 4. Nbd2 Be7 5. b3 O-O 6. Bb2 b6 7. Bd3 Bb7 8. O-O c5 9. dxc5 Bxc5 10. c4 dxc4 11. Nxc4 Qe7 12. a3 a5 13. Qe2 Nbd7 14. e4 b5 15. Ncd2 b4 16. a4 Rfd8 17. Rac1 Rac8 18. Ba6 Bxa6 19. Qxa6 Ra8 20. Qb5 Rdb8 21. Qe2 Rc8 22. Nc4 Nb6 23. Bxf6 Qxf6 24. Nfe5 Nxc4 25. Nxc4 g6 26. g3 Bd4 27. Kg2 h5 28. h4 Rc5 29. Rcd1 e5 30. f4 Qc6 31. f5 Kg7 32. Rc1 Re8 33. Rf3 Qc8 34. Rcf1 Rc7 35. fxg6 fxg6 36. Qd2 Rxc4 37. Rf7+ Kg8 38. bxc4 Qxc4 39. R7f6 Kg7 40. Kh3 b3 41. Qg5 Re7 42. Qxg6+ 1-0


[Site "https://www.chess.com"]

[Event "Titled Tuesday Blitz January 17 Early 2023"]
[White "Kilic, Eray"]
[Black "Mitrabha, Guha"]
[WhiteFideId "44517173"]
[BlackFideId "5057000"]
[WhiteElo "2414"]
[BlackElo "2507"]
[Result "0-1"]
[Round "11"]
[TimeControl "180+2"]
[Date "2023.01.17"]
[WhiteClock "0:00:02"]
[BlackClock "0:01:40"]

1. e4 c6 2. Nf3 d5 3. Nc3 dxe4 4. Nxe4 Nf6 5. Nxf6+ exf6 6. d4 Bd6 7. Bd3 Bg4 8. O-O O-O 9. h3 Bh5 10. Be4 Re8 11. Qd3 Bg6 12. Bxg6 hxg6 13. Be3 Nd7 14. Rfd1 f5 15. c4 Nf6 16. Bg5 Qc7 17. Bxf6 gxf6 18. c5 Bf8 19. b4 Rad8 20. Qc4 Rd5 21. a4 g5 22. Ra3 Re4 23. Re3 Qe7 24. Rde1 Bh6 25. Nd2 Rxe3 26. fxe3 g4 27. Qe2 gxh3 28. gxh3 f4 29. exf4 Qxe2 30. Rxe2 Rxd4 31. Ne4 Rxb4 32. Nxf6+ Kg7 33. Ne8+ Kf8 34. f5 Bg7 35. f6 Bh8 36. a5 Rb5 37. Nd6 Rb1+ 38. Kg2 Bxf6 39. Re8+ Kg7 40. Ra8 a6 41. Ra7 Be5 42. Rxb7 Rxb7 43. Nxb7 Bc7 44. Kf3 Kf6 45. Ke4 Kg5 46. Nd6 Kg6 47. Nc4 f5+ 48. Kf3 Kf6 49. h4 Ke6 50. h5 Kf6 51. Nb6 Kg5 52. Nc4 Kxh5 53. Nb6 Kg6 54. Nc4 Kf6 55. Nb6 Ke6 56. Ke3 Ke5 57. Kd3 f4 58. Na4 Kd5 59. Nb6+ Kxc5 60. Nd7+ Kb4 61. Nb8 Bxb8 0-1


[Site "https://www.chess.com"]

[Event "Titled Tuesday Blitz January 17 Early 2023"]
[White "Xu, Yi"]
[Black "Urazayev, Arystanbek"]
[WhiteFideId "8605564"]
[BlackFideId "13709810"]
[WhiteElo "2527"]
[BlackElo "2460"]
[Result "0-1"]
[Round "11"]
[TimeControl "180+2"]
[Date "2023.01.17"]
[WhiteClock "0:00:02"]
[BlackClock "0:01:00"]

1. e4 c5 2. Nf3 e6 3. d4 cxd4 4. Nxd4 Nf6 5. Nc3 Nc6 6. Nxc6 bxc6 7. e5 Nd5 8. Ne4 Bb7 9. Be2 c5 10. O-O Qc7 11. Nd6+ Bxd6 12. exd6 Qc6 13. f3 e5 14. c4 Nf4 15. Bxf4 exf4 16. Qd2 O-O 17. Qxf4 Rae8 18. Bd3 Re6 19. Rad1 g6 20. Be4 Qa6 21. Bxb7 Qxb7 22. Rd2 Rfe8 23. h4 h5 24. b3 a5 25. Kh2 Qb4 26. Rff2 Re5 27. Qf6 a4 28. Rd5 Rxd5 29. cxd5 axb3 30. axb3 Qxb3 31. f4 Qd1 32. f5 Re1 33. Qd8+ Kg7 34. Qg5 Qd4 35. f6+ Kh7 36. Rf3 Rg1 37. Rg3 Re1 38. Rf3 Qg1+ 39. Kg3 Re4 40. Qd2 Rg4+ 41. Kh3 Qh1# 0-1


[Site "https://www.chess.com"]

[Event "Titled Tuesday Blitz January 17 Early 2023"]
[White "Demchenko, Anton"]
[Black "Harsha Bharathakoti"]
[WhiteFideId "4160258"]
[BlackFideId "5078776"]
[WhiteElo "2623"]
[BlackElo "2602"]
[Result "0-1"]
[Round "11"]
[TimeControl "180+2"]
[Date "2023.01.17"]
[WhiteClock "0:00:03"]
[BlackClock "0:00:17"]

1. e4 c5 2. Nf3 e6 3. c3 Nf6 4. e5 Nd5 5. d4 cxd4 6. cxd4 d6 7. Bc4 Bd7 8. O-O Bc6 9. Bxd5 Bxd5 10. Nc3 Bxf3 11. Qxf3 d5 12. Qg3 Nc6 13. Be3 g6 14. Rac1 Be7 15. Rfd1 O-O 16. Bh6 Re8 17. Qg4 Rc8 18. g3 Na5 19. h4 Nc4 20. b3 Nb2 21. Rd2 Qa5 22. Qf3 Qa3 23. Rcc2 Qa5 24. Re2 b5 25. Bd2 b4 0-1


[Site "https://www.chess.com"]

[Event "Titled Tuesday Blitz January 17 Early 2023"]
[White "Movahed, Sina"]
[Black "Mahdavi, Reza"]
[WhiteFideId "42520835"]
[BlackFideId "12595926"]
[WhiteElo "2340"]
[BlackElo "2339"]
[Result "1-0"]
[Round "11"]
[TimeControl "180+2"]
[Date "2023.01.17"]
[WhiteClock "0:01:12"]
[BlackClock "0:00:02"]

1. e4 c5 2. Nf3 e6 3. b3 a6 4. Bb2 Nc6 5. c4 Nf6 6. e5 Ng4 7. Bd3 Qc7 8. Qe2 Be7 9. O-O b6 10. h3 Nh6 11. Nc3 Bb7 12. Rae1 O-O-O 13. Be4 f5 14. Bxc6 Bxc6 15. d4 cxd4 16. Nxd4 Nf7 17. Nd5 exd5 18. cxd5 Bc5 19. dxc6 Bxd4 20. cxd7+ Kb7 21. Bxd4 Rxd7 22. Bb2 Ng5 23. Rc1 Qd8 24. e6 Re7 25. f4 Ne4 26. Rfd1 Qe8 27. Be5 Qb5 28. Qc2 Qc5+ 29. Kh2 Qxc2 30. Rxc2 Rhe8 31. Rd7+ Ka8 32. Rcc7 Nc5 33. Ra7# 1-0


[Site "https://www.chess.com"]

[Event "Titled Tuesday Blitz January 17 Early 2023"]
[White "Indjic, Aleksandar"]
[Black "Tanenbaum, Zachary"]
[WhiteFideId "911925"]
[BlackFideId "2060850"]
[WhiteElo "2618"]
[BlackElo "2261"]
[Result "1-0"]
[Round "11"]
[TimeControl "180+2"]
[Date "2023.01.17"]
[WhiteClock "0:01:45"]
[BlackClock "0:01:06"]

1. e4 e5 2. Nf3 Nc6 3. Nc3 Nf6 4. Bb5 Bd6 5. a3 a6 6. Bc4 b5 7. Ba2 O-O 8. d3 Be7 9. g4 Bc5 10. Rg1 d6 11. Bg5 h6 12. Bh4 g5 13. Nxg5 hxg5 14. Bxg5 Be6 15. Bd5 Bd7 16. Rg3 Kg7 17. h4 Qc8 18. Qd2 Nxd5 19. exd5 Nd4 20. Bf6+ Kh7 21. Qg5 1-0


[Site "https://www.chess.com"]

[Event "Titled Tuesday Blitz January 17 Early 2023"]
[White "Zhigalko, Sergei"]
[Black "Wagner, Dennis"]
[WhiteFideId "13502956"]
[BlackFideId "24650684"]
[WhiteElo "2572"]
[BlackElo "2595"]
[Result "0-1"]
[Round "11"]
[TimeControl "180+2"]
[Date "2023.01.17"]
[WhiteClock "0:00:02"]
[BlackClock "0:00:55"]

1. e4 e5 2. Nf3 Nc6 3. Bb5 a6 4. Ba4 Nf6 5. O-O Be7 6. Re1 b5 7. Bb3 O-O 8. a4 b4 9. d3 d6 10. a5 Be6 11. Nbd2 Bxb3 12. Nxb3 Re8 13. h3 h6 14. Be3 Bf8 15. Nh2 d5 16. Qf3 d4 17. Bd2 Rb8 18. Rf1 Rb5 19. Kh1 g6 20. Qe2 Bg7 21. g3 Qd7 22. Kg2 Nh5 23. Qg4 Qd6 24. Kh1 Kh7 25. f4 exf4 26. gxf4 f5 27. Qf3 fxe4 28. dxe4 Rxe4 29. Rg1 Qe6 30. Raf1 Ne7 31. Bxb4 Re3 32. f5 Nxf5 33. Qg4 Rxb4 34. Nd2 Nhg3+ 35. Rxg3 Nxg3+ 36. Kg2 Qxg4 0-1


[Site "https://www.chess.com"]

[Event "Titled Tuesday Blitz January 17 Early 2023"]
[White "Baskakov, Egor"]
[Black "Kopczynski, Michal"]
[WhiteFideId "24197866"]
[BlackFideId "1124200"]
[WhiteElo "2215"]
[BlackElo "2225"]
[Result "1-0"]
[Round "11"]
[TimeControl "180+2"]
[Date "2023.01.17"]
[WhiteClock "0:00:29"]
[BlackClock "0:00:22"]

1. e4 c5 2. Nf3 d6 3. d4 cxd4 4. Nxd4 Nf6 5. Nc3 g6 6. g3 Bg7 7. Bg2 O-O 8. h3 Nc6 9. Nde2 Bd7 10. O-O Rc8 11. a4 Ne5 12. Nd5 Nc4 13. Ra2 Nxd5 14. exd5 Bf5 15. b3 Nb6 16. Be3 h5 17. c4 a6 18. Nd4 Bd7 19. a5 Na8 20. Re1 b5 21. axb6 Nxb6 22. Rxa6 Rb8 23. Ra7 Nc8 24. Ra2 Nb6 25. Bg5 Re8 26. Rae2 Nc8 27. Nc6 Bxc6 28. dxc6 Qb6 29. Re3 Bd4 30. Rf3 e6 31. g4 hxg4 32. hxg4 Ne7 33. Qd2 Nxc6 34. Rh3 f6 35. Bxc6 fxg5 36. Bxe8 Rxe8 37. Qxg5 Bxf2+ 38. Kg2 Kg7 39. Qh6+ Kf7 40. Rf3+ Ke7 41. Rxf2 Qc6+ 42. Rf3 Kd7 43. Qxg6 Rf8 44. Qe4 1-0


[Site "https://www.chess.com"]

[Event "Titled Tuesday Blitz January 17 Early 2023"]
[White "Deac, Bogdan-Daniel"]
[Black "Csonka, Balazs"]
[WhiteFideId "1226380"]
[BlackFideId "742910"]
[WhiteElo "2700"]
[BlackElo "2496"]
[Result "1-0"]
[Round "11"]
[TimeControl "180+2"]
[Date "2023.01.17"]
[WhiteClock "0:00:22"]
[BlackClock "0:00:03"]

1. e4 Nf6 2. e5 Nd5 3. d4 d6 4. Nf3 dxe5 5. Nxe5 c6 6. c4 Nf6 7. Nc3 Nbd7 8. f4 g6 9. Be2 Bg7 10. Be3 O-O 11. O-O Qc7 12. Bf3 Nb6 13. Qe2 Be6 14. Rad1 Rad8 15. a4 Nfd7 16. b3 Nxe5 17. fxe5 a5 18. h4 h5 19. Ne4 Bf5 20. Ng3 e6 21. Bg5 Rd7 22. Bxh5 c5 23. Nxf5 exf5 24. e6 Rxd4 25. e7 Re8 26. Bxg6 fxg6 27. Qe6+ Kh7 28. Qf7 Qc6 29. Rxd4 cxd4 30. Re1 Nc8 31. Re6 Qd7 32. Rxg6 1-0


[Site "https://www.chess.com"]

[Event "Titled Tuesday Blitz January 17 Early 2023"]
[White "Vokhidov, Shamsiddin"]
[Black "Vlassov, Nikolai"]
[WhiteFideId "14204223"]
[BlackFideId "4103360"]
[WhiteElo "2586"]
[BlackElo "2283"]
[Result "1-0"]
[Round "11"]
[TimeControl "180+2"]
[Date "2023.01.17"]
[WhiteClock "0:01:50"]
[BlackClock "0:00:29"]

1. c4 e5 2. Nc3 Nf6 3. Nf3 Nc6 4. e4 Bb4 5. d3 d6 6. a3 Bxc3+ 7. bxc3 O-O 8. g3 Bg4 9. Bg2 Nd7 10. O-O f5 11. exf5 Rxf5 12. h3 Bxf3 13. Bxf3 Rf7 14. Bd5 Nf6 15. Bxf7+ Kxf7 16. f4 exf4 17. Bxf4 Kg8 18. Bg5 Ne5 19. Bxf6 gxf6 20. d4 Nxc4 21. Qb3 d5 22. Qxb7 Rb8 23. Qc6 Rb6 24. Qc5 Nd2 25. Rf5 Nb3 26. Rxd5 Qe8 27. Qc4 Qe3+ 28. Kg2 Nd2 29. Rg5+ Kf8 30. Qg8+ Ke7 31. Rg7+ Kd6 32. Qd8+ Kc6 33. Rxc7+ Kb5 34. Qd7+ Ka5 35. Rxa7+ Ra6 36. Qd5+ Kb6 37. Rb7# 1-0


[Site "https://www.chess.com"]

[Event "Titled Tuesday Blitz January 17 Early 2023"]
[White "Aravindh, Chithambaram VR."]
[Black "Szpar, Milosz"]
[WhiteFideId "5072786"]
[BlackFideId "1184989"]
[WhiteElo "2633"]
[BlackElo "2447"]
[Result "1-0"]
[Round "11"]
[TimeControl "180+2"]
[Date "2023.01.17"]
[WhiteClock "0:02:03"]
[BlackClock "0:00:26"]

1. b3 d5 2. Bb2 Bg4 3. Nf3 Bxf3 4. exf3 e6 5. d4 Nf6 6. Bd3 g6 7. Nd2 Bg7 8. f4 O-O 9. Nf3 c5 10. O-O cxd4 11. Nxd4 Qb6 12. c3 Ne8 13. Ba3 Nd6 14. f5 gxf5 15. Qh5 Nd7 16. Rae1 Nf6 17. Qh4 Rfe8 18. Re3 Nde4 19. Bxe4 Nxe4 20. Rh3 h6 21. Bc1 Nxc3 22. Be3 f4 23. Nf5 fxe3 24. Nxg7 exf2+ 25. Kh1 Ne4 26. Qxh6 Kf8 27. Nf5+ 1-0


[Site "https://www.chess.com"]

[Event "Titled Tuesday Blitz January 17 Early 2023"]
[White "Dehtiarov, Roman"]
[Black "Maximov, Dmitry"]
[WhiteFideId "14186640"]
[BlackFideId "14105659"]
[WhiteElo "2289"]
[BlackElo "2497"]
[Result "1-0"]
[Round "11"]
[TimeControl "180+2"]
[Date "2023.01.17"]
[WhiteClock "0:00:07"]
[BlackClock "0:00:03"]

1. e4 c5 2. Nc3 Nc6 3. f4 e6 4. Nf3 a6 5. d3 d5 6. g3 b5 7. Bg2 b4 8. exd5 exd5 9. Ne2 Nf6 10. O-O Be7 11. d4 O-O 12. h3 a5 13. Kh2 Ba6 14. Re1 Ne4 15. Ne5 Rc8 16. Be3 c4 17. c3 f5 18. Qa4 Rf6 19. Rad1 Rh6 20. Ng1 Nxe5 21. dxe5 Bb7 22. Qc2 Qd7 23. Nf3 Rg6 24. Ng5 Bxg5 25. fxg5 Qe6 26. Bf4 Nxg5 27. Bxg5 Rxg5 28. Qd2 f4 29. gxf4 Rh5 30. Re3 Rd8 31. Rg3 bxc3 32. bxc3 g6 33. Rb1 Bc6 34. Rb6 Kh8 35. Qd4 Rf5 36. h4 Kg8 37. Bh3 Rdf8 38. Bxf5 Rxf5 39. Rb8+ Kg7 40. Rb6 Kh6 41. Qc5 Rxf4 42. Rxc6 Qxe5 43. Qe3 Qxe3 44. Rxe3 Rxh4+ 45. Kg3 Rh1 46. Re7 Ra1 47. Rcc7 Rxa2 48. Rxh7+ Kg5 49. Rhd7 Rd2 50. Rc5 Rd3+ 51. Kf2 Rxc3 52. Rdxd5+ Kf6 53. Rd6+ Kg7 54. Rcc6 a4 55. Rxg6+ Kf7 56. Rgd6 Ke7 57. Ra6 a3 58. Rdb6 Kd7 59. Ke2 Kc7 60. Rb4 Kc8 61. Rba4 Rc2+ 62. Kd1 Rb2 63. Rxa3 Kb8 64. Kc1 Rb5 65. R6a4 Rc5 66. Rc3 Kb7 67. Raxc4 Rb5 68. Kc2 Rg5 69. Rb4+ Ka6 70. Ra3+ Ra5 71. Rxa5+ 1-0


[Site "https://www.chess.com"]

[Event "Titled Tuesday Blitz January 17 Early 2023"]
[White "Pakleza, Zbigniew"]
[Black "Andreev, Eduard"]
[WhiteFideId "1119290"]
[BlackFideId "14103400"]
[WhiteElo "2494"]
[BlackElo "2413"]
[Result "1-0"]
[Round "11"]
[TimeControl "180+2"]
[Date "2023.01.17"]
[WhiteClock "0:00:11"]
[BlackClock "0:00:22"]

1. d4 e6 2. Nf3 Nf6 3. Bf4 c5 4. c3 Qb6 5. Qb3 Nc6 6. e3 d5 7. Nbd2 Bd7 8. Qxb6 axb6 9. Bc7 cxd4 10. exd4 Be7 11. Bxb6 O-O 12. Bc7 Rfc8 13. Bf4 Ra7 14. a3 Na5 15. Ne5 Ba4 16. Bd3 Nb3 17. Nxb3 Bxb3 18. h3 Bd6 19. O-O Bxe5 20. Bxe5 Nd7 21. Rfe1 Nb6 22. Re3 Nc4 23. Rg3 Nxe5 24. dxe5 Ra4 25. Rg4 Rxg4 26. hxg4 h6 27. f4 Kf8 28. Kf2 Ke7 29. Ke3 Kd7 30. a4 Ra8 31. Ra3 Bd1 32. Be2 Bxe2 33. Kxe2 Kc6 34. Kd3 Kc5 35. g3 b6 36. b4+ Kc6 37. a5 bxa5 38. Rxa5 Rxa5 39. bxa5 Kb5 40. Kd4 Kxa5 41. Kc5 Ka4 42. c4 dxc4 43. Kxc4 Ka3 44. f5 Kb2 45. fxe6 fxe6 46. Kc5 Kc3 47. Kd6 Kd4 48. Kxe6 Ke4 49. Kd6 Kf3 50. e6 Kxg4 51. e7 Kxg3 52. e8=Q g5 53. Qh5 g4 54. Ke5 Kf3 55. Kf5 1-0


[Site "https://www.chess.com"]

[Event "Titled Tuesday Blitz January 17 Early 2023"]
[White "Korchmar, Vasiliy"]
[Black "Sychev, Klementy"]
[WhiteFideId "24131750"]
[BlackFideId "4114060"]
[WhiteElo "2438"]
[BlackElo "2547"]
[Result "0-1"]
[Round "11"]
[TimeControl "180+2"]
[Date "2023.01.17"]
[WhiteClock "0:00:04"]
[BlackClock "0:00:04"]

1. Nf3 e6 2. g3 g5 3. d4 g4 4. Ne5 h5 5. Bg2 d6 6. Nd3 h4 7. O-O Qf6 8. c3 Nc6 9. e4 Bd7 10. Qxg4 e5 11. Qg5 h3 12. Bh1 exd4 13. cxd4 Nxd4 14. Nc3 Nf3+ 15. Bxf3 Qxf3 16. Ne1 Qg4 17. Nd5 Rc8 18. Qxg4 Bxg4 19. f3 Be6 20. Nd3 Ne7 21. Nf6+ Kd8 22. Bg5 Bh6 23. f4 Bxg5 24. fxg5 Ng6 25. Rad1 Ke7 26. Rde1 c6 27. a3 b5 28. Nf4 Bc4 29. Rf2 Ne5 30. Rd1 a5 31. Rdd2 b4 32. Ne2 bxa3 33. bxa3 Rb8 34. Rd1 Rb3 35. Nd4 Rxa3 36. Nf5+ Kf8 37. Nxd6 Be6 38. Nf5 Bxf5 39. Rxf5 Ng6 40. Rd7 Ra1+ 41. Kf2 Ra2+ 42. Ke3 Ra3+ 43. Kf2 Ra2+ 44. Ke3 Ra3+ 45. Kd2 Ra2+ 46. Kc3 Kg7 47. Ng4 Rf8 48. e5 Re2 49. Nh6 Rxe5 50. Rfxf7+ Rxf7 51. Rxf7+ Kh8 52. Rf6 Kg7 53. Rf7+ Kh8 54. Rf6 Kg7 55. Nf5+ Kh7 56. Rf7+ Kh8 57. g4 Re2 58. Rf6 Kh7 59. Rf7+ Kh8 60. Rf6 Ne5 61. Rh6+ Kg8 62. Rd6 Rxh2 63. Kd4 Nf7 64. Rg6+ Kf8 65. Rf6 Rd2+ 66. Ke3 h2 67. Ng3 Rg2 68. g6 Rxg3+ 69. Kf4 Rf3+ 0-1


[Site "https://www.chess.com"]

[Event "Titled Tuesday Blitz January 17 Early 2023"]
[White "Omelja, Artem"]
[Black "Kobalia, Mikhail"]
[WhiteFideId "14119846"]
[BlackFideId "4119150"]
[WhiteElo "2446"]
[BlackElo "2578"]
[Result "0-1"]
[Round "11"]
[TimeControl "180+2"]
[Date "2023.01.17"]
[WhiteClock "0:00:06"]
[BlackClock "0:00:02"]

1. e4 c5 2. Nf3 e6 3. d3 Nc6 4. g3 g6 5. Bg2 Bg7 6. O-O Nge7 7. Re1 d6 8. c3 e5 9. Na3 O-O 10. Nc2 a6 11. Be3 f5 12. d4 f4 13. Bc1 Bg4 14. dxc5 dxc5 15. Qe2 Qd7 16. Qc4+ Kh8 17. Nh4 Bf6 18. Qxc5 Bxh4 19. gxh4 f3 20. Bf1 Bh3 21. Ne3 Bxf1 22. Rxf1 Qh3 23. Rd1 Rf4 24. Qd6 Rg4+ 25. Kh1 Rg2 26. Qf6+ Kg8 27. Qe6+ Qxe6 28. Nxg2 fxg2+ 29. Kg1 Qg4 30. Bg5 Qxe4 31. Rd7 Nf5 32. Rad1 Nxh4 33. Bf6 Nf3+ 34. Kxg2 Nh4+ 35. Kf1 Qg2+ 36. Ke1 Qg1+ 37. Ke2 Qg4+ 38. Kf1 Qh3+ 39. Ke1 Ng2+ 40. Ke2 Nd4+ 41. cxd4 Qxd7 42. dxe5 Qg4+ 43. f3 Nf4+ 44. Ke3 Qf5 45. Rd4 Ne6 46. Rb4 b5 47. h4 Rc8 48. a4 Rc5 49. axb5 axb5 50. h5 gxh5 51. Rh4 Rd5 52. Kf2 Rd2+ 53. Kg3 Rd3 54. Rb4 Qxf3+ 55. Kh4 Rd4+ 56. Rxd4 Nxd4 57. Kg5 Qg4+ 58. Kh6 Nf5# 0-1


[Site "https://www.chess.com"]

[Event "Titled Tuesday Blitz January 17 Early 2023"]
[White "Lymar, Vladislav"]
[Black "Postny, Evgeny"]
[WhiteFideId "14162180"]
[BlackFideId "2804344"]
[WhiteElo "2119"]
[BlackElo "2549"]
[Result "1-0"]
[Round "11"]
[TimeControl "180+2"]
[Date "2023.01.17"]
[WhiteClock "0:00:05"]
[BlackClock "0:00:03"]

1. e4 c5 2. Nf3 d6 3. g3 g6 4. Bg2 Bg7 5. O-O Nc6 6. Nc3 Nf6 7. d3 O-O 8. h3 Rb8 9. a4 a6 10. Be3 b5 11. axb5 axb5 12. Qd2 Re8 13. Bh6 Bh8 14. Ng5 b4 15. Ne2 Ne5 16. f4 Neg4 17. hxg4 Nxg4 18. Nxf7 Kxf7 19. f5 Bf6 20. Bg5 Rg8 21. Bxf6 Nxf6 22. c3 bxc3 23. bxc3 gxf5 24. exf5 Bb7 25. Qa2+ Kf8 26. Nf4 Bc8 27. Rf3 Kg7 28. Ne6+ Bxe6 29. Qxe6 Kh8 30. Re3 Rg7 31. Ra7 Ng4 32. Re1 Ne5 33. d4 cxd4 34. cxd4 Qb6 35. Rxe7 Qxd4+ 36. Kh1 Rxe7 37. Qxe7 Ng4 38. Bf3 Nf2+ 39. Kg2 Nd3 40. Re2 Rg8 41. Kh3 Ne5 42. Qf6+ Rg7 43. Qf8+ Rg8 44. Qf6+ Rg7 45. Ra2 h5 46. Qh6+ Kg8 47. Ra8+ Kf7 48. Qe6# 1-0


[Site "https://www.chess.com"]

[Event "Titled Tuesday Blitz January 17 Early 2023"]
[White "Salimova, Nurgyul"]
[Black "Bosnjak, Petar"]
[WhiteFideId "2915138"]
[BlackFideId "14532581"]
[WhiteElo "2391"]
[BlackElo "2337"]
[Result "1-0"]
[Round "11"]
[TimeControl "180+2"]
[Date "2023.01.17"]
[WhiteClock "0:00:09"]
[BlackClock "0:00:22"]

1. e4 c6 2. d4 d5 3. e5 Bf5 4. Nf3 e6 5. Be2 Ne7 6. O-O Nd7 7. Nbd2 Bg6 8. Nb3 Nf5 9. a4 Be7 10. g4 Nh4 11. Nxh4 Bxh4 12. f4 f5 13. Be3 O-O 14. Nd2 fxg4 15. Bxg4 Bf5 16. Kh1 Qe8 17. Rg1 g6 18. Bxf5 Rxf5 19. Qg4 Be7 20. Nf1 Kh8 21. Ng3 Nf8 22. Nxf5 exf5 23. Qg3 Ne6 24. Kg2 Qd8 25. c3 Qb6 26. Qf2 Rc8 27. b4 Qd8 28. a5 a6 29. Rh1 Bh4 30. Qf3 Qe7 31. Bf2 Ng7 32. Bxh4 Qxh4 33. Qg3 Qe7 34. Qg5 Qd7 35. Raf1 Ne6 36. Qg3 Re8 37. h4 Ng7 38. Qf3 Nh5 39. Kf2 Rg8 40. Rfg1 Qe7 41. Rg5 Qf7 42. Rhg1 Qe6 43. Ke3 Ng7 44. Kd3 Nh5 45. Kc2 Ng7 46. Kb3 Qf7 47. Qg2 Ne6 48. Qf3 Nxg5 49. hxg5 Qe6 50. Rh1 Kg7 51. Rh6 Rh8 52. Qh1 Qf7 53. Rh2 Kf8 54. Re2 Qg7 55. Qa1 h5 56. gxh6 Rxh6 57. b5 cxb5 58. Qa3+ Qe7 59. Qd6 Qxd6 60. exd6 Rh7 61. Kb4 g5 62. fxg5 f4 63. Kc5 f3 64. Rf2 Rg7 65. Rxf3+ Ke8 66. Rf5 Kd7 67. Re5 Rf7 68. Re7+ Rxe7 69. dxe7 Kxe7 70. Kxd5 1-0


[Site "https://www.chess.com"]

[Event "Titled Tuesday Blitz January 17 Early 2023"]
[White "Rozman, Levy"]
[Black "Kvaloy, Aksel Bu"]
[WhiteFideId "2039877"]
[BlackFideId "1528815"]
[WhiteElo "2322"]
[BlackElo "2321"]
[Result "1-0"]
[Round "11"]
[TimeControl "180+2"]
[Date "2023.01.17"]
[WhiteClock "0:00:16"]
[BlackClock "0:00:07"]

1. e4 e5 2. Nc3 Nf6 3. f4 d5 4. fxe5 Nxe4 5. Qf3 f5 6. d3 Nxc3 7. bxc3 d4 8. Qg3 Be6 9. Be2 Nc6 10. c4 Qd7 11. Bf3 g6 12. h4 Bg7 13. Bf4 O-O-O 14. Nh3 Rhg8 15. O-O h6 16. Rab1 Rde8 17. Rb5 a6 18. Rc5 Qe7 19. Bxc6 bxc6 20. Rxc6 Bd7 21. Rxg6 Qf7 22. h5 Be6 23. Qf3 Kd7 24. Qf2 c5 25. Rb1 Rb8 26. Qe1 Rxb1 27. Qxb1 Kc7 28. Qe1 Kb6 29. Qg3 Kc7 30. Qf3 Qd7 31. Bxh6 Bxh6 32. Rxh6 f4 33. Nxf4 Bg4 34. Qd5 Qxd5 35. cxd5 Rf8 36. Rc6+ Kd7 37. e6+ Ke7 38. Ng6+ 1-0


[Site "https://www.chess.com"]

[Event "Titled Tuesday Blitz January 17 Early 2023"]
[White "Bocharov, Dmitry"]
[Black "Bettalli, Francesco"]
[WhiteFideId "4138716"]
[BlackFideId "2816453"]
[WhiteElo "2516"]
[BlackElo "2252"]
[Result "1-0"]
[Round "11"]
[TimeControl "180+2"]
[Date "2023.01.17"]
[WhiteClock "0:01:19"]
[BlackClock "0:01:51"]

1. e4 g6 2. d4 Bg7 3. Nc3 c6 4. f4 d5 5. e5 h5 6. Nf3 Nh6 7. Be2 Bg4 8. O-O Nd7 9. Ng5 Bxe2 10. Nxe2 e6 11. b3 c5 12. c4 dxc4 13. d5 exd5 14. Qxd5 Nb6 15. Qxb7 cxb3 16. Be3 Qc8 17. Qxc8+ Rxc8 18. axb3 Ng4 19. Bf2 Nxf2 20. Kxf2 Rc7 21. Nc3 O-O 22. Nb5 Rd7 23. Rfd1 Rfd8 24. Rxd7 Rxd7 25. Rxa7 Rd2+ 26. Kf3 Bh6 27. Nxf7 Bxf4 28. g3 Bxg3 29. hxg3 Rd3+ 30. Kf4 Nd5+ 31. Ke4 Rxb3 32. Kxd5 Rxb5 33. Nd6 Rb1 34. e6 Rd1+ 35. Ke5 Re1+ 36. Kf6 Rf1+ 37. Kxg6 1-0


[Site "https://www.chess.com"]

[Event "Titled Tuesday Blitz January 17 Early 2023"]
[White "Sadubayev, Airat"]
[Black "Narayanan, Srinath"]
[WhiteFideId "13713264"]
[BlackFideId "5018420"]
[WhiteElo "2320"]
[BlackElo "2559"]
[Result "0-1"]
[Round "11"]
[TimeControl "180+2"]
[Date "2023.01.17"]
[WhiteClock "0:00:05"]
[BlackClock "0:01:47"]

1. d4 f5 2. c4 Nf6 3. Nc3 g6 4. Nf3 Bg7 5. g3 O-O 6. Bg2 d6 7. O-O Nbd7 8. d5 e5 9. dxe6 Nc5 10. Nd4 c6 11. Bf4 Nh5 12. Be3 f4 13. gxf4 Nxe6 14. Nxe6 Bxe6 15. Qb3 Qe7 16. Rad1 Nxf4 17. Bxf4 Rxf4 18. Qb4 Rd8 19. Ne4 Bh3 20. Ng3 Bxg2 21. Kxg2 h5 22. e3 Rf7 23. c5 d5 24. Kh1 Qf6 25. Rd2 d4 26. Qb3 h4 27. exd4 hxg3 28. hxg3 Rxd4 29. Re2 Qf3+ 30. Qxf3 Rxf3 31. Kg2 Rf7 32. Rfe1 Rc4 33. Re8+ Bf8 34. R1e6 Kg7 0-1


[Site "https://www.chess.com"]

[Event "Titled Tuesday Blitz January 17 Early 2023"]
[White "Piesik, Piotr"]
[Black "Bharath Subramaniyam H"]
[WhiteFideId "1136194"]
[BlackFideId "46634827"]
[WhiteElo "2426"]
[BlackElo "2517"]
[Result "0-1"]
[Round "11"]
[TimeControl "180+2"]
[Date "2023.01.17"]
[WhiteClock "0:02:20"]
[BlackClock "0:02:39"]

1. Nf3 c5 2. g3 g6 3. Bg2 Bg7 4. O-O Nc6 5. c3 e5 6. e4 d6 7. Na3 Nge7 8. d4 cxd4 9. cxd4 exd4 10. Nb5 Bg4 11. h3 Bxf3 12. Bxf3 a6 13. Na3 O-O 14. Bg2 d5 15. exd5 Nxd5 16. Nc4 Nb6 17. Qb3 Nxc4 18. Qxc4 Qb6 19. b3 Ne5 20. Qa4 Rac8 21. Bf4 Nd3 22. Bg5 h6 23. Bd2 Rc2 24. Rad1 Nb2 0-1


[Site "https://www.chess.com"]